 Dungeon Crawl Stone Soup version 0.27.1-33-g824d729ab1 (webtiles) character file.

Game seed: 10059799860031182617

11165 lordive the Carver (level 11, -6/95 HPs)
             Began as a Minotaur Monk on Dec 27, 2021.
             Was a High Priest of Okawaru.
             Mangled by a komodo dragon (23 damage)
             ... on level 3 of the Lair of Beasts.
             The game lasted 00:28:13 (15722 turns).

lordive the Carver (Minotaur Monk)                 Turns: 15722, Time: 00:28:14

Health: -6/95      AC: 19    Str: 19    XL:     11   Next: 45%
Magic:  13/15      EV: 10    Int:  7    God:    Okawaru [*****.]
Gold:   334        SH:  0    Dex: 13    Spells: 10/10 levels left

rFire    . . .     SeeInvis .   a - +0 falchion
rCold    . . .     Faith    .   (no shield)
rNeg     . . .     Spirit   .   M - +0 plate armour
rPois    .         Reflect  .   (helmet restricted)
rElec    .         Harm     .   (no cloak)
rCorr    +         Rampage  .   b - +1 pair of gloves
Will     .....                  (no boots)
Stlth    ..........             (no amulet)
HPRegen  0.25/turn              q - ring of flight
MPRegen  0.14/turn              A - ring of resist corrosion

@: heroic, flying
A: horns 2, retaliatory headbutt
a: Renounce Religion, Heroism, Finesse


You were on level 3 of the Lair of Beasts.
You worshipped Okawaru.
Okawaru was extremely pleased with you.
You visited 3 branches of the dungeon, and saw 12 of its levels.
You also visited: Ossuary.

You collected 603 gold pieces.
You spent 269 gold pieces at shops.

Inventory:

Hand Weapons
 a - a +0 falchion (weapon)
 s - a +2 dagger of holy wrath
 G - the +4 shortbow of Kaecuutt {freeze, *Slow rElec rPois rF- Str+4}
   (You bought it in a shop on level 6 of the Dungeon)

   Any ammunition fired from it freezes those it strikes, dealing additional
   cold damage.
   It can also slow down cold-blooded creatures.
   Str:       It affects your strength (+4).
   rF:        It makes you vulnerable to fire.
   rElec:     It insulates you from electricity.
   rPois:     It protects you from poison.
   *Slow:     It may slow you when you take damage.
 L - a +4 short sword of freezing
 O - the +8 demon blade "Zefarph" {pain, Contam Int+3 Dex+6 SInv}
   (Okawaru gifted it to you on level 2 of the Lair of Beasts)

   In the hands of one skilled in necromantic magic, it inflicts extra damage on
   living creatures.
   Int:       It affects your intelligence (+3).
   Dex:       It affects your dexterity (+6).
   SInv:      It lets you see invisible.
   Contam:    It causes magical contamination when unequipped.
Missiles
 D - 200 arrows
Armour
 b - a +1 pair of gloves (worn)
 y - a +2 ring mail of cold resistance
 C - a +2 buckler
 M - a +0 plate armour (worn)
Magical Staves
 m - a staff of earth
Jewellery
 q - a ring of flight (left hand)
 A - a ring of resist corrosion (right hand)
 H - a ring of protection from fire
 R - a ring of see invisible
Wands
 d - a wand of iceblast (10)
 f - a wand of flame (10)
 n - a wand of paralysis (25)
Scrolls
 c - 3 scrolls of silence
 g - a scroll of summoning
 h - a scroll of torment
 k - 3 scrolls of magic mapping
 o - 2 scrolls of blinking
 r - a scroll of immolation {unknown}
 u - a scroll of enchant weapon {unknown}
 v - 2 scrolls of fog {unknown}
 w - a scroll of brand weapon {unknown}
 x - a scroll of amnesia {unknown}
 B - 3 scrolls of teleportation {unknown}
 F - a scroll of holy word {unknown}
 N - a scroll of enchant armour {unknown}
Potions
 e - 3 potions of flight
 i - 2 potions of brilliance
 j - 3 potions of heal wounds
 l - 4 potions of lignification
 p - a potion of attraction
 t - 2 potions of curing
 z - 2 potions of haste
 E - 2 potions of cancellation
 I - 2 potions of might
 J - a potion of ambrosia
 K - a potion of berserk rage
 Q - a potion of invisibility


   Skills:
 + Level 8.8(13.8) Fighting
 + Level 11.8(16.8) Long Blades
 * Level 7.6(12.6) Bows
 + Level 10.0(15.0) Armour
 + Level 5.8(10.8) Dodging
 + Level 2.8(7.8) Stealth
 + Level 1.3(6.3) Shields
 * Level 6.9 Invocations
 + Level 0.3 Evocations


You had 10 spell levels left.
You didn't know any spells.
Your spell library contained the following spells:

 Spells                   Type           Power      Damage    Failure   Level
 Freeze                   Ice            0%         1d3       99%         1
 Ensorcelled Hibernation  Hex/Ice        0%         N/A       100%        2
 Static Discharge         Conj/Air       0%         N/A       100%        2
 Conjure Flame            Conj/Fire      0%         6-21      100%        3
 Frozen Ramparts          Ice            0%         1d2       100%        3
 Ignite Poison            Fire/Tmut/Pois 0%         N/A       100%        3
 Spider Form              Tmut/Pois      0%         N/A       100%        3
 Animate Dead             Necr           0%         N/A       100%        4
 Dispel Undead            Necr           0%         3d6       100%        4
 Hailstorm                Conj/Ice       0%         3d3       100%        4
 Sticky Flame             Conj/Fire      0%         2d3       100%        4
 Borgnjor's Vile Clutch   Necr/Erth      0%         N/A       100%        5
 Death Channel            Necr           0%         N/A       100%        6
 Shadow Creatures         Summ           N/A        N/A       100%        6
 Malign Gateway           Summ/Tloc      0%         N/A       100%        7
 Summon Horrible Things   Summ           0%         N/A       100%        8


Dungeon Overview and Level Annotations

Branches:
Dungeon (8/15)             Temple (1/1) D:4            Lair (3/6) D:8
 Spider (0/4) Lair:2      Ossuary (visited)
  Swamp: Lair:2-4    Shoals: Lair:2-4

Altars:
Ashenzari
Cheibriados
Dithmenos
Elyvilon
Fedhas
Gozag
Hepliaklqana
Makhleb
Nemelex Xobeh
Okawaru
Qazlal
Ru
Sif Muna
Trog
Uskayaw
Xom
Yredelemnul
Zin
The Shining One

Shops:
D:6 (   D:7 !   D:8 ?*?


Innate Abilities, Weirdness & Mutations

You have a pair of horns on your head.
You reflexively headbutt those who attack you in melee.


Message History

The cane toad stings the plant!
The plant begins to die.
The plant looks as sick as possible!
The cane toad poisons the plant!
Okay, then.
The komodo dragon barely misses you. You furiously retaliate!
You headbutt the komodo dragon.
You riposte.
You hit the komodo dragon but do no damage.
The komodo dragon is lightly wounded.
You hit the komodo dragon. Your headbutt misses the komodo dragon.
The komodo dragon is lightly wounded.
A nearby plant withers and dies.
The cane toad stings you! The komodo dragon bites you.
You hit the komodo dragon.
The komodo dragon is lightly wounded.
The cane toad stings you!
You barely miss the komodo dragon.
The komodo dragon is lightly wounded.
The komodo dragon completely misses you.
You furiously retaliate!
You headbutt the komodo dragon! The cane toad stings you!
You are poisoned.
The cane toad poisons you!
You gain the combat prowess of a mighty hero.
You feel very sick.
The cane toad stings you but does no damage.
The komodo dragon bites you.
You hit the cane toad but do no damage. You headbutt the cane toad!
The cane toad is lightly wounded.
You feel sick. The cane toad barely misses you. The komodo dragon bites you!
You slash the cane toad! You headbutt the cane toad!
The cane toad is almost dead.
You feel sick. The cane toad stings you.
You slash the cane toad!
You kill the cane toad!
Okawaru accepts your kill.
You feel sick. The komodo dragon bites you!!
* * * LOW HITPOINT WARNING * * *
Your base Armour skill increases to level 10!
You feel sick.
You feel better. The komodo dragon bites you!!
You die...

......)..........
........##.....#..#.....
.................#..............)
............................(....
.............)##......<#...#.....
...........)...#.P.^.....#....###
.................P..........#..#.
................[P..........#.#..
............#...@l...#.....P##...
.......#.........>#............##
.##............#.##P........#..##
........#.....##...........#....#
#...#..#..#.................#.#.#
##.............................##
##.#......###..............P....#
..#.#.....###........##..P.#..#.>
##.<...P.P...#.#.#.##.##......###


You could see a komodo dragon.

Vanquished Creatures
  A hydra (Lair:2)
  A death yak (Lair:2)
  5 cane toads
  A black mamba (Lair:1)
  A komodo dragon (Lair:3)
  2 polar bears
  5 blink frogs (Lair:2)
  Sigmund (D:3)
  11 yaks
  A wyvern (Lair:2)
  Eustachio (D:5)
  4 steam dragons
  5 water moccasins
  An orc warrior (D:8)
  2 black bears
  4 ogres
  4 wolves (D:8)
  2 centaurs
  An elf zombie (Ossuary)
  Blork the orc (D:5)
  9 bullfrogs
  A gnoll sergeant (D:7)
  4 scorpions
  A wyvern skeleton (D:7)
  2 water moccasin skeletons (D:4)
  5 wights (D:8)
  A centaur zombie (D:5)
  2 orc priests
  4 hounds
  2 jellies
  A human zombie (Ossuary)
  A bullfrog skeleton (D:6)
  5 iguanas
  7 orc wizards
  2 mummies (Ossuary)
  2 howler monkey zombies
  7 gnolls
  6 adders
  An ufetubus (D:4)
  An adder skeleton (D:4)
  A worm (D:2)
  4 dart slugs
  19 orcs
  5 bats
  5 endoplasms
  6 giant cockroaches
  11 goblins
  9 hobgoblins
  12 jackals
  4 quokkas
  6 ball pythons
  5 frilled lizards
  2 goblin zombies (Ossuary)
  14 hobgoblin zombies (Ossuary)
  2 jackal zombies (Ossuary)
  7 kobolds
  8 kobold zombies (Ossuary)
  6 orc zombies (Ossuary)
  4 rats
  3 rat zombies (Ossuary)
251 creatures vanquished.

Vanquished Creatures (others)
  A sky beast (D:7)
  An orc wizard (D:5)
  16 fungi
  15 plants
33 creatures vanquished.

Grand Total: 284 creatures vanquished

Notes
Turn   | Place    | Note
-------+----------+-------------------------------------------
     0 | D:1      | lordive the Minotaur Monk began the quest for the Orb.
     0 | D:1      | Reached XP level 1. HP: 19/19 MP: 0/0
   114 | D:1      | Found a faded altar of an unknown god.
   132 | D:1      | Reached skill level 4 in Long Blades
   132 | D:1      | Reached XP level 2. HP: 25/27 MP: 1/1
  1076 | D:2      | Reached XP level 3. HP: 29/33 MP: 2/2
  2145 | D:3      | Reached XP level 4. HP: 40/40 MP: 3/3
  2430 | D:3      | Noticed Sigmund
  2443 | D:3      | Killed Sigmund
  2444 | D:3      | Reached skill level 5 in Long Blades
  2444 | D:3      | Reached skill level 1 in Armour
  2444 | D:3      | Reached XP level 5. HP: 38/47 MP: 4/4
  2633 | D:3      | Noticed an ogre
  2641 | D:3      | Killed an ogre
  2642 | D:3      | Reached skill level 5 in Fighting
  2642 | D:3      | Reached skill level 6 in Long Blades
  2642 | D:3      | Reached XP level 6. HP: 56/56 MP: 5/5
  2994 | D:4      | Reached skill level 7 in Long Blades
  3014 | D:4      | Found a staircase to the Ecumenical Temple.
  3036 | Temple   | Entered the Ecumenical Temple
  3126 | Temple   | Became a worshipper of Warmaster Okawaru
  3126 | Temple   | Reached * piety under Okawaru
  3126 | Temple   | Reached ** piety under Okawaru
  3210 | D:4      | Found a shimmering altar of Xom.
  3226 | D:4      | Reached XP level 7. HP: 61/61 MP: 6/6
  3306 | D:4      | Found a sparkling altar of Nemelex Xobeh.
  3713 | D:4      | Reached skill level 1 in Invocations
  4178 | D:5      | Entered Level 5 of the Dungeon
  4189 | D:5      | Reached skill level 8 in Long Blades
  4684 | D:5      | Noticed Eustachio
  4698 | D:5      | Killed Eustachio
  4699 | D:5      | Reached XP level 8. HP: 69/69 MP: 5/8
  4760 | D:5      | Reached skill level 5 in Dodging
  4851 | D:5      | Noticed Blork the orc
  4857 | D:5      | Killed Blork the orc
  4857 | D:5      | Reached *** piety under Okawaru
  4887 | D:5      | Reached skill level 9 in Long Blades
  5058 | D:5      | Reached skill level 5 in Armour
  6247 | D:6      | Found Wipni's Antique Weapon Shop.
  6257 | D:6      | Bought a translucent shortbow for 168 gold pieces
  6257 | D:6      | Identified the +4 shortbow of Kaecuutt {freeze, *Slow rElec
                  | rPois rF- Str+4} (You bought it in a shop on level 6 of the
                  | Dungeon)
  6492 | D:6      | Reached XP level 9. HP: 75/75 MP: 11/11
  6688 | D:7      | Found a shadowy altar of Dithmenos.
  6696 | D:7      | Reached skill level 10 in Long Blades
  6852 | D:7      | Reached skill level 1 in Bows
  6982 | D:7      | Reached **** piety under Okawaru
  7076 | D:7      | Found a sand-covered staircase.
  7094 | Ossuary  | Entered an ossuary
  7480 | D:7      | Found Xemoizis's Distillery.
  7971 | D:7      | Found a glowing golden altar of the Shining One.
  8493 | D:8      | Reached skill level 1 in Shields
  8744 | D:8      | Found Tonloit's Jewellery Emporium.
  8746 | D:8      | Found Duosch's Magic Scroll Emporium.
  8747 | D:8      | Noticed a four-headed hydra
  8749 | D:8      | Found Ovorhok's Magic Scroll Emporium.
  8749 | D:8      | Found Leexarak's General Store.
  9425 | D:8      | Reached skill level 5 in Invocations
  9546 | D:8      | Bought a scroll of noise for 13 gold pieces
  9552 | D:8      | Bought a scroll of identify for 22 gold pieces
  9552 | D:8      | Bought a scroll of identify for 22 gold pieces
  9552 | D:8      | Bought a scroll of identify for 22 gold pieces
  9552 | D:8      | Bought a scroll of identify for 22 gold pieces
  9918 | D:8      | Found a staircase to the Lair.
  9925 | D:8      | Reached XP level 10. HP: 69/83 MP: 12/12
 10335 | Lair:1   | Entered Level 1 of the Lair of Beasts
 10720 | Lair:1   | Noticed a black mamba
 10730 | Lair:1   | Killed a black mamba
 10731 | Lair:1   | Reached skill level 11 in Long Blades
 11298 | Lair:1   | Reached ***** piety under Okawaru
 11536 | Lair:1   | Noticed a cane toad
 11553 | Lair:1   | Killed a cane toad
 11554 | Lair:1   | Reached skill level 5 in Bows
 12215 | Lair:1   | Noticed a cane toad
 12234 | Lair:1   | Killed a cane toad
 12625 | Lair:2   | Found a hole to the Spider Nest.
 12966 | Lair:2   | Noticed a four-headed hydra
 12973 | Lair:2   | Killed a four-headed hydra
 12973 | Lair:2   | Identified the +8 demon blade "Zefarph" {pain, Contam Int+3
                  | Dex+6 SInv} (Okawaru gifted it to you on level 2 of the
                  | Lair of Beasts)
 12973 | Lair:2   | Received a gift from Okawaru
 12982 | Lair:2   | Noticed a cane toad
 13006 | Lair:2   | Killed a cane toad
 13279 | Lair:2   | Noticed a cane toad
 13288 | Lair:2   | Killed a cane toad
 13289 | Lair:2   | Reached XP level 11. HP: 56/95 MP: 14/14
 14068 | Lair:2   | Received a gift from Okawaru
 15418 | Lair:3   | Noticed a death yak
 15419 | Lair:3   | Noticed a death yak
 15421 | Lair:3   | Noticed a death yak
 15463 | Lair:2   | Killed a death yak
 15721 | Lair:3   | Reached skill level 10 in Armour
 15722 | Lair:3   | Mangled by a komodo dragon

Illustrated notes

Levels and vault maps discovered:
D:1:      arrival_zaba_pyramid, layout_basic,
          dreamdust_ecumenical_altar_angels_and_demons, hangedman_decor_push
D:2:      layout_basic, minmay_pentomino_t4
D:3:      layout_loops_corners, uniq_sigmund
D:4:      kennysheep_six_static_rooms, layout_basic,
          nicolae_overflow_hidden_temple, kennysheep_mini,
          minmay_temple_entry_slanted, minmay_puff
D:5:      layout_loops_ring, minmay_small_thing, uniq_blork_the_orc,
          uniq_eustachio
D:6:      layout_loops_cross, serial_shops, nicolae_stop_n_shop_2,
          nrook_pool_corridor, minmay_misc_feat_cross
D:7:      layout_rooms, nicolae_tso_swordbearing_angel,
          grunt_dithmenos_smoke_and_mirrors, serial_shops, shop,
          nicolae_ossuary_entry_ruins, kennysheep_another_room
D:8:      layout_gridville, grunt_lair_entry_orc_guard_hut,
          minmay_shop_grid_forest
Temple:   eino_wide_crystal_templ
Lair:1:   layout_chaotic_city, infiniplex_staircase_pool_2, lemuel_fruit_tree
Lair:2:   layout_chaotic_city, spider_nest_entry_web_field,
          serial_bayou_shore_a, lemuel_fruit_fields, serial_bayou_shore_b,
          serial_bayou_shore_b
Lair:3:   lemuel_ratsnest, layout_cave_shapes, minmay_swamp_entry_worms,
          grunt_forest_small_clearings, nzn_masters_of_martial_movement

Skill      XL: |  1  2  3  4  5  6  7  8  9 10 11 |
---------------+----------------------------------+-----
Long Blades    | 4 5 6 7 8 9 10 11 | 11.8
Fighting       | 4 5 6 7 8 |  8.8
Stealth        | 2 |  2.8
Armour         | 1 2 3 5 6 9 10 | 10.0
Dodging        | 4 5 |  5.8
Invocations    | 2 4 5 6 |  6.9
Bows           | 4 6 7 |  7.6
Shields        | 1 |  1.3
Evocations     | |  0.3

Action                   |  1- 3 |  4- 6 |  7- 9 | 10-12 || total
-------------------------+-------+-------+-------+-------++-------
Melee: Falchion          |   117 |    46 |   516 |   270 ||   949
       Headbutt          |    17 |     8 |   129 |    67 ||   221
       Punch             |       |       |       |     2 ||     2
 Fire: Shortbow          |       |       |       |    84 ||    84
Invok: Heroism           |       |       |     3 |     5 ||     8
Evoke: Wand              |       |     1 |     2 |       ||     3
  Use: Scroll            |       |       |    16 |     2 ||    18
       Potion            |       |       |     3 |     2 ||     5
 Stab: Sleeping          |     5 |       |     1 |       ||     6
       Paralysed         |       |     3 |       |       ||     3
Armor: Robe              |    15 |       |       |       ||    15
       Ring mail         |    14 |    16 |   185 |       ||   215
       Plate armour      |       |       |       |   158 ||   158
Dodge: Dodged            |    79 |    23 |   277 |   101 ||   480
Block: Buckler           |       |       |    35 |       ||    35
       Rpst.: Falchion   |    25 |     6 |    59 |    30 ||   120
